Map: Galactic Process LE

Players

uThermal

  • Race: Terran Terran
  • League: Gold

Neeb - Winner!

  • Race: Protoss Protoss
  • League: Diamond

Event: IEM Season 11 - Shanghai

VOD

Have the link to the VOD?

Description

Time

  • Played on: July 30, 2016, 5:51 a.m.
  • Length: 6:02

All games in this series

Show
View Real Time Build Order
Export as new Build Order

uThermal Terran 

Build Orders:  

Get SALT Encoding   

  12  0:01  SCV  
  13  0:13  SCV  
  14  0:18  Supply Depot  
  14  0:25  SCV  
  15  0:39  SCV  
  15  0:42  Barracks  
  16  0:44  Refinery  
  16  0:51  SCV  
  17  1:04  SCV  
  18  1:16  SCV  
  19  1:30  Orbital Command, Marine  
  19  1:44  Command Center  
  19  1:56  SCV  
  19  2:01  Factory  
  20  2:05  Barracks Reactor  
  20  2:08  SCV  
  21  2:15  Supply Depot  
  21  2:20  SCV  
  22  2:28  Refinery  
  22  2:32  SCV  
  23  2:41  Marine x2  
  25  2:44  SCV  
  25  2:45  Starport  
  25  2:49  Widow Mine  
  28  2:56  SCV  
  29  3:01  Orbital Command  
  29  3:03  Marine  
  30  3:07  Marine  
  30  3:11  SCV  
  32  3:22  Widow Mine, Medivac  
  32  3:23  SCV  
  32  3:27  Marine  
  37  3:28  Marine  
  37  3:31  SCV  
  40  3:35  SCV  
  40  3:40  Supply Depot  
  41  3:43  SCV  
  41  3:47  Marine x2, SCV  
  45  3:58  SCV  
  45  3:59  Supply Depot  
  45  4:01  Widow Mine, Medivac  
  50  4:05  Marine x2  
  50  4:07  Supply Depot  
  52  4:16  SCV  
  52  4:17  SCV  
  53  4:28  SCV  
  53  4:29  SCV  
  55  4:41  SCV x2  
  55  4:42  Liberator  
  57  4:53  SCV x2  
  57  4:54  Command Center  
  60  5:03  Marine, Factory Tech Lab  
  60  5:04  Marine  
  60  5:05  Barracks x2, SCV x2  
  60  5:06  Bunker  
  64  5:08  Engineering Bay  
  64  5:17  SCV x2  
  66  5:21  Refinery  
  66  5:22  Refinery  
  65  5:29  SCV x2  
  65  5:30  Siege Tank  
  65  5:35  Missile Turret  
  65  5:41  SCV x2  
  43  5:44  Marine  
Show
View Real Time Build Order
Export as new Build Order

Neeb Protoss - Winner!

Build Orders: 1 Gate Expand, Dark Templar Rush 

Get SALT Encoding   

  12  0:00  Probe (Chrono Boost)  
  13  0:11  Probe (Chrono Boost)  
  14  0:17  Pylon  
  14  0:22  Probe (Chrono Boost)  
  15  0:35  Gateway, Probe (Chrono Boost)  
  16  0:45  Probe (Chrono Boost)  
  17  0:56  Probe (Chrono Boost)  
  18  0:58  Assimilator  
  18  1:06  Probe (Chrono Boost)  
  19  1:20  Nexus  
  19  1:23  Probe (Chrono Boost)  
  20  1:34  Cybernetics Core  
  20  1:36  Probe (Chrono Boost)  
  21  1:43  Assimilator  
  21  1:46  Probe (Chrono Boost)  
  22  1:51  Pylon  
  22  1:57  Probe (Chrono Boost)  
  23  2:07  Adept  
  23  2:11  Warp Gate, Probe (Chrono Boost)  
  28  2:24  Mothership Core (Chrono Boost)  
  28  2:32  Probe (Chrono Boost)  
  29  2:39  Robotics Facility  
  29  2:42  Probe (Chrono Boost)  
  29  2:43  Probe (Chrono Boost)  
  31  2:51  Adept  
  33  2:52  Probe (Chrono Boost)  
  33  2:53  Probe (Chrono Boost)  
  35  3:03  Twilight Council, Probe (Chrono Boost)  
  35  3:04  Probe (Chrono Boost)  
  37  3:13  Probe (Chrono Boost)  
  37  3:14  Probe (Chrono Boost)  
  39  3:24  Probe (Chrono Boost), Pylon  
  39  3:25  Warp Prism, Probe (Chrono Boost)  
  43  3:34  Probe (Chrono Boost)  
  43  3:36  Probe (Chrono Boost)  
  45  3:41  Dark Shrine  
  45  3:45  Probe (Chrono Boost)  
  45  3:46  Probe (Chrono Boost)  
  47  3:51  Gateway  
  47  3:52  Gateway  
  48  3:55  Probe (Chrono Boost)  
  48  3:57  Probe (Chrono Boost)  
  48  4:00  Assimilator  
  49  4:04  Observer  
  49  4:06  Probe (Chrono Boost)  
  49  4:08  Pylon, Probe (Chrono Boost)  
  52  4:14  Assimilator, Pylon  
  52  4:17  Probe (Chrono Boost)  
  53  4:19  Probe (Chrono Boost)  
  53  4:23  Pylon  
  54  4:27  Immortal, Probe (Chrono Boost)  
  57  4:40  Probe (Chrono Boost)  
  57  4:45  Probe (Chrono Boost)  
  59  4:49  Stalker x2  
  59  4:50  Stalker  
  65  4:53  Pylon  
  65  5:03  Nexus  
  65  5:06  Pylon  
  65  5:12  Dark Templar x2  
  65  5:13  Dark Templar  
  71  5:15  Probe x2 (Chrono Boost)  
  71  5:21  Pylon  
  73  5:23  Forge  
  73  5:27  Probe (Chrono Boost)  
  75  5:28  Probe (Chrono Boost)  
  74  5:37  Probe (Chrono Boost)  
  74  5:39  Probe (Chrono Boost)  
  76  5:48  Probe (Chrono Boost)  
  76  5:49  Probe (Chrono Boost)  

Tags
 
Add a new tag
Caveats
  • Supply blocks, unpowered buildings, or Contaminate may cause inaccurate times.
  • Supply counts are checked every 10 seconds.